 Dungeon Crawl Stone Soup version 0.24-a0-445-gd5110b030a (webtiles) character file.

Game seed: 17777211049628984826

161 Gargoyl the Skirmisher (level 5, -3/45 HPs)
             Began as a Centaur Abyssal Knight on June 22, 2019.
             Was a Follower of Lugonu.
             Slain by Menkaure (12 damage)
             ... on level 4 of the Dungeon.
             The game lasted 00:04:14 (2065 turns).

Gargoyl the Skirmisher (Centaur Abyssal Knight)     Turns: 2065, Time: 00:04:15

Health: -3/45      AC:  7    Str: 15    XL:     5   Next: 18%
Magic:  5/7        EV:  6    Int: 11    God:    Lugonu [*.....]
Gold:   66         SH:  9    Dex:  9    Spells: 4/4 levels left

rFire    . . .     SeeInvis .   a - +1 hand axe
rCold    . . .     Gourm    .   d - +2 shield
rNeg     . . .     Faith    .   e - +0 ring mail
rPois    .         Spirit   .   b - +0 helmet
rElec    .         Reflect  .   (no cloak)
rCorr    .         Harm     .   (no gloves)
MR       .....                  (no barding)
Stlth    ..........             (no amulet)
HPRegen  0.15/turn              (no ring)
MPRegen  0.10/turn              (no ring)

@: very quick
A: large, hooves 3, deformed body, speed 2, tough skin 3
a: Depart the Abyss, Renounce Religion


You were on level 4 of the Dungeon.
You worshipped Lugonu.
Lugonu was aware of your devotion.
You were not hungry.

You visited 1 branch of the dungeon, and saw 4 of its levels.
You visited the Abyss 1 time.

You collected 66 gold pieces.

Inventory:

Hand Weapons
 a - a +1 hand axe (weapon)
Armour
 b - a +0 helmet (worn)
 d - a +2 shield (worn)
 e - a +0 ring mail (worn)
Scrolls
 f - a scroll of identify
 g - a scroll of remove curse
 k - a scroll of fear {unknown}
Potions
 h - a potion of mutation
Comestibles
 c - 5 rations
 i - 2 chunks of flesh


   Skills:
 + Level 3.5 Fighting
 + Level 2.6 Axes
 * Level 2.3 Armour
 + Level 1.0 Dodging
 * Level 1.4 Shields
 * Level 2.7 Invocations


You had 4 spell levels left.
You didn't know any spells.
Your spell library was empty.

Dungeon Overview and Level Annotations

Branches:
Dungeon (4/15)
 Temple: D:4-7

Altars:

Annotations:
D:2 Sigmund
D:3 Gynju's ghost, amateur GnFi
D:4 Menkaure


Innate Abilities, Weirdness & Mutations

You have hooves in place of feet.
Armour fits poorly on your strangely shaped body.
You cover ground very quickly.
You have extremely tough skin. (AC +3)


Message History

You kill the jelly!
Lugonu accepts your kill.
You have reached level 5!
Okay, then.
You hit Menkaure. You kick Menkaure, but do no damage.
Menkaure is lightly damaged.
Menkaure calls on the powers of darkness!
Your body is wracked with pain!
Your shield and ring mail prevent you from hitting Menkaure.
Menkaure is lightly damaged.
You block Menkaure's attack. Menkaure hits you!
* * * LOW HITPOINT WARNING * * *
You hit Menkaure but do no damage.
Menkaure is lightly damaged.
Menkaure barely misses you.
You hit Menkaure. You kick Menkaure, but do no damage.
Menkaure is moderately damaged.
Menkaure shouts, "The curse of the Pharaohs be upon you!"
Menkaure hits you!
You die...

...##...# #..##.##
...#....####......#
.........##......#####
.....................###
..........##...........#
...........##..........#
...............#........
....$...........#......#
.......@..........##....
.......M..##..#...#.....
##.........#..#...#.....
#............##.........
..!............#........
...........#..#####.....
...?.......##.. #......#
#..######.## .. ........
##.##....


You could see Menkaure.

Vanquished Creatures
  A crimson imp (D:2)
  A jelly (D:4)
  A worker ant (D:4)
  3 adders
  2 worms (D:2)
  2 dart slugs
  A ball python (D:4)
  2 bats
  2 giant cockroaches
  7 goblins
  5 hobgoblins
  5 jackals
  A frilled lizard (D:1)
  4 kobolds (D:1)
  4 rats
41 creatures vanquished.

Vanquished Creatures (others)
  6 starspawn tentacles (Abyss:1)
6 creatures vanquished.

Grand Total: 47 creatures vanquished

Notes
Turn   | Place    | Note
-------+----------+-------------------------------------------
     0 | Abyss:1  | Gargoyl the Centaur Abyssal Knight began the quest for the
                  | Orb.
     0 | Abyss:1  | Reached XP level 1. HP: 19/19 MP: 2/2
    59 | Abyss:1  | Noticed an apocalypse crab
    62 | Abyss:1  | Noticed a large abomination
    64 | Abyss:1  | Noticed a raiju
   112 | Abyss:1  | Noticed a tentacled starspawn
   135 | Abyss:1  | Found a corrupted altar of Lugonu.
   146 | D:1      | Escaped the Abyss
   664 | D:1      | Reached * piety under Lugonu
   664 | D:1      | Reached XP level 2. HP: 16/26 MP: 3/3
  1060 | D:2      | Noticed a crimson imp
  1099 | D:2      | Killed a crimson imp
  1099 | D:2      | Reached XP level 3. HP: 27/31 MP: 4/4
  1239 | D:2      | Noticed Sigmund
  1293 | D:2      | Reached skill level 1 in Shields
  1465 | D:3      | Reached XP level 4. HP: 38/38 MP: 5/5
  1539 | D:3      | Found a runed translucent door.
  1566 | D:3      | Noticed Gynju's ghost (amateur GnFi)
  1886 | D:4      | Reached skill level 1 in Dodging
  2057 | D:4      | Noticed Menkaure
  2061 | D:4      | Reached XP level 5. HP: 41/45 MP: 5/7
  2065 | D:4      | Slain by Menkaure

Levels and vault maps discovered:
D:1:      dpeg_arrival_refuge, layout_basic, minmay_tetromino_s2
D:2:      layout_loops_ring, uniq_sigmund, uniq_robin
D:3:      layout_rooms, first_ration, ebering_ghost_sewer_d
D:4:      layout_cave_pools, kennysheep_mini_moat, uniq_menkaure

Skill      XL: |  1  2  3  4 |
---------------+-------------+-----
Axes           | 2 |  2.6
Armour         | 2 |  2.3
Shields        | 1 |  1.4
Dodging        | 1 |  1.0
Fighting       | |  3.5
Invocations    | |  2.7

Action                   |  1- 3 |  4- 6 || total
-------------------------+-------+-------++-------
Melee: Hand axe          |    87 |    51 ||   138
       Kick              |    10 |    13 ||    23
Invok: Depart the Abyss  |     1 |       ||     1
  Use: Scroll            |     3 |       ||     3
       Potion            |       |     2 ||     2
  Eat: Chunk             |     1 |     2 ||     3
Armor: Leather armour    |     5 |       ||     5
       Ring mail         |    30 |    45 ||    75
Dodge: Dodged            |    15 |    23 ||    38
Block: Shield            |    41 |    38 ||    79

Table legend:
 A = Non-vault XP
 B = Vault XP
 C = Vault XP percentage of total XP
 D = Non-vault monster count
 E = Vault monster count
 F = Vault count percentage of total count
                 A         B        C        D         E       F
            +---------+---------+-------+---------+---------+-------
      Total |     201 |      29 |  12.6 |      37 |       4 |   9.8
            +---------+---------+-------+---------+---------+-------
        D:1 |      27 |       2 |   6.9 |      15 |       2 |  11.8
        D:2 |      68 |      14 |  17.1 |      10 |       1 |   9.1
        D:3 |      10 |      13 |  56.5 |       6 |       1 |  14.3
        D:4 |      96 |       0 |   0.0 |       6 |       0 |   0.0
            +---------+---------+-------+---------+---------+-------
